 Dungeon Crawl Stone Soup version 0.29.1-1-gd02db6906a (webtiles) character file.

Game seed: 12539469069313007558

310 holycorn the Chopper (level 6, -10/55 HPs)
             Began as a Minotaur Berserker on Sept 22, 2022.
             Was a Believer of Trog.
             Shot with an arrow by a centaur (15 damage)
             ... on level 5 of the Dungeon.
             The game lasted 00:05:11 (2710 turns).

holycorn the Chopper (Minotaur Berserker)           Turns: 2710, Time: 00:05:12

Health: -10/55     AC:  7    Str: 30    XL:     6   Next: 18%
Magic:  5/5        EV: 12    Int:  4    God:    Trog [**....]
Gold:   176        SH:  0    Dex: 15    Spells: 5/5 levels left

rFire   . . .      SeeInvis .   a - +0 hand axe
rCold   . . .      Faith    .   (no shield)
rNeg    . . .      Spirit   .   d - +0 ring mail
rPois   .          Reflect  .   (helmet restricted)
rElec   .          Harm     .   (no cloak)
rCorr   .          Rampage  .   p - +0 pair of gloves
Will    .....                   z - +0 pair of boots
Stlth   +.........              (no amulet)
HPRegen 0.18/turn               B - +6 ring of dexterity
MPRegen 0.09/turn               u - +6 ring of strength

@: on berserk cooldown, slowed, very slow
A: horns 2, retaliatory headbutt
a: Renounce Religion, Berserk, Trog's Hand


You were on level 5 of the Dungeon.
You worshipped Trog.
Trog was pleased with you.
You visited 1 branch of the dungeon, and saw 5 of its levels.

You collected 176 gold pieces.

Inventory:

Hand Weapons
 a - a +0 hand axe (weapon)
Armour
 b - a +0 animal skin
 d - a +0 ring mail (worn)
 p - a +0 pair of gloves (worn)
 z - a +0 pair of boots (worn)
Jewellery
 o - an amulet of magic regeneration
 r - a ring of poison resistance
 u - a +6 ring of strength (right hand)
 v - an amulet of guardian spirit
 B - a +6 ring of dexterity (left hand)
Wands
 x - a wand of light (9)
Scrolls
 c - 2 scrolls of fear {unknown}
 e - 2 scrolls of teleportation {unknown}
 j - 2 scrolls of enchant weapon {unknown}
 l - a scroll of immolation {unknown}
 m - 2 scrolls of magic mapping {unknown}
 n - a scroll of torment {unknown}
 q - a scroll of blinking {unknown}
 s - 6 scrolls of identify {unknown}
 w - a scroll of vulnerability {unknown}
 y - a scroll of fog {unknown}
 A - a scroll of amnesia {unknown}
Potions
 f - 2 potions of lignification {unknown}
 g - 2 potions of might {unknown}
 h - 2 potions of brilliance {unknown}
 i - a potion of resistance {unknown}
 k - 3 potions of curing {unknown}
 t - a potion of heal wounds {unknown}
 C - a potion of flight {unknown}


   Skills:
 + Level 4.9 Fighting
 * Level 7.6 Axes
 - Level 2.4 Armour
 - Level 2.2 Dodging
 - Level 0.3 Stealth


You had 5 spell levels left.
You didn't know any spells.
Your spell library was empty.

Dungeon Overview and Level Annotations

Branches:
Dungeon (6/15)
 Temple: D:4-7

Altars:
Dithmenos
Fedhas
Qazlal

Shops:
D:1 [

Annotations:
D:5 Grinder


Innate Abilities, Weirdness & Mutations

You have a pair of horns on your head.
You reflexively headbutt those who attack you in melee.


Message History

The hound misses you. You furiously retaliate!
You headbutt the hound!
You kill the hound!
Trog accepts your kill.
An iguana comes into view.
You feel a strong urge to attack something.
The iguana hisses angrily.
An iguana and a quokka come into view.
You are no longer berserk.
You are exhausted.
You feel yourself slow down.
The iguana hisses angrily.
A centaur comes into view.
You slash Grinder! You headbutt Grinder!
Grinder is heavily wounded.
The centaur wields a +0 shortbow.
The centaur shoots an arrow.
The arrow closely misses you. Grinder gestures at you.
You barely resist.
A scorpion comes into view.
The centaur shoots an arrow.
The arrow misses you. Grinder hits you.
You writhe in agony.
You hit Grinder. Your headbutt misses Grinder. You punch Grinder.
Grinder is severely wounded.
The centaur shoots an arrow.
The arrow hits you but does no damage.
The centaur shoots an arrow.
The arrow hits you!
Grinder blinks!
The iguana bites you.
The centaur shoots an arrow.
The arrow hits you!
* * * LOW HITPOINT WARNING * * *
The iguana closely misses you. You furiously retaliate!
You headbutt the iguana!
Grinder blinks!
You hit the iguana.
You kill the iguana!
Trog accepts your kill.
You barely miss the quokka.
The centaur shoots an arrow.
The arrow hits you.
* * * LOW HITPOINT WARNING * * *
The quokka barely misses you.
The scorpion stings you but does no damage.
The quokka bites you.
* * * LOW HITPOINT WARNING * * *
The centaur shoots an arrow.
The arrow hits you!
You die...

... .......... ......
......... ..##..
........
......####..#.#..#
...............#5..
.................###
...........>....l..##
....[.........##sr#.#
............####@.ยง.#
##.........###.....#
###.......#.......#
#.......c......##
###..#.....#..##
####...####.)......
##.## ##....... ###
#....## ..#.#


You could see Grinder, a centaur, a scorpion, an iguana and a quokka.

Vanquished Creatures
  A black bear (D:6)
  An ogre (D:5)
  A howler monkey (D:5)
  A hound (D:5)
  An iguana (D:5)
  3 adders (D:2)
  2 worms (D:2)
  3 ball pythons
  2 bats (D:1)
  6 endoplasms
  2 giant cockroaches (D:1)
  2 goblins (D:3)
  4 hobgoblins
  4 quokkas
  4 frilled lizards
  3 kobolds
  4 rats
44 creatures vanquished.

Vanquished Creatures (others)
  A plant (D:1)
  3 withered plants (D:2)
4 creatures vanquished.

Grand Total: 48 creatures vanquished

Notes
Turn   | Place    | Note
-------+----------+-------------------------------------------
     0 | D:1      | holycorn the Minotaur Berserker began the quest for the
                  | Orb.
     0 | D:1      | Reached XP level 1. HP: 19/19 MP: 0/0
   282 | D:1      | Found Kaoddo Ynuoc's Antique Armour Boutique.
   325 | D:1      | Reached skill level 4 in Axes
   325 | D:1      | Reached XP level 2. HP: 21/27 MP: 1/1
  1145 | D:2      | Found a faded altar of an unknown god.
  1325 | D:2      | Found a blossoming altar of Fedhas.
  1339 | D:2      | Reached XP level 3. HP: 29/33 MP: 2/2
  1586 | D:2      | Reached ** piety under Trog
  1883 | D:2      | Reached skill level 5 in Axes
  2072 | D:3      | Reached XP level 4. HP: 37/40 MP: 3/3
  2176 | D:3      | Found a stormy altar of Qazlal.
  2290 | D:3      | Found a shadowy altar of Dithmenos.
  2483 | D:3      | You fall into a shaft and drop 3 floors!
  2549 | D:6      | Noticed a black bear
  2556 | D:6      | Killed a black bear
  2557 | D:6      | Reached skill level 6 in Axes
  2557 | D:6      | Reached XP level 5. HP: 38/47 MP: 4/4
  2670 | D:5      | Entered Level 5 of the Dungeon
  2694 | D:5      | Noticed an ogre
  2702 | D:5      | Killed an ogre
  2702 | D:5      | Noticed Grinder
  2703 | D:5      | Reached skill level 7 in Axes
  2703 | D:5      | Reached XP level 6. HP: 52/55 MP: 5/5
  2710 | D:5      | Shot with an arrow by a centaur

Illustrated notes

Levels and vault maps discovered:
D:1:      mrwooster_arrival_statue_3, layout_loops_ring, serial_shops, shop,
          chequers_big_river
D:2:      layout_loops_ring, ebering_ecumenical_altar_petrified, basic_altar
D:3:      layout_rooms, nicolae_dithmenos_the_darkroom,
          mainiacjoe_overflow_catwalk, kennysheep_nondescript
D:5:      layout_cave_pools, mainiacjoe_overflow_24_doors, serial_shops,
          nicolae_inconvenience_store, hangedman_decor_growths,
          minmay_manual_monstrance, uniq_grinder
D:6:      layout_layer_cave, nemelex_xobeh_ov_fountains_minmay,
          mainiacjoe_overflow_cross_hatched, minmay_temple_entry_waves,
          cheibrodos_sewer_entry_bend

Skill      XL: |  1  2  3  4  5 |
---------------+----------------+-----
Axes           | 4 5 6 7 |  7.6
Fighting       | 4 |  4.9
Armour         | |  2.4
Dodging        | |  2.2
Stealth        | |  0.3

Action                   |  1- 3 |  4- 6 || total
-------------------------+-------+-------++-------
Melee: Hand axe          |    86 |    24 ||   110
       Headbutt          |    10 |     5 ||    15
       Punch             |     1 |     2 ||     3
Invok: Berserk           |       |     1 ||     1
Armor: Ring mail         |    25 |    10 ||    35
Dodge: Dodged            |    44 |    18 ||    62
